 Dungeon Crawl Stone Soup version 0.28.0-45-g0d030f2227 (webtiles) character file.

Game seed: 11972754976546089045

839 MisterFreud the Ruffian (level 5, 0/55 HPs)
             Began as a White Draconian Transmuter on Apr 15, 2022.
             Was a Believer of Ru.
             Slain by a water moccasin (1 damage)
             ... on level 5 of the Dungeon.
             The game lasted 00:07:19 (5001 turns).

MisterFreud the Ruffian (DrTm)                      Turns: 5001, Time: 00:07:20

Health: 0/55       AC:  6    Str: 12    XL:     5   Next: 67%
Magic:  1/8        EV: 10    Int: 16    God:    Ru [**....]
Gold:   186        SH:  0    Dex: 11    Spells: 0/8 levels left

rFire   x . .      SeeInvis .     - Unarmed
rCold   + + +      Faith    .   (shield currently unavailable)
rNeg    . . .      Spirit   .   (armour unavailable)
rPois   +          Reflect  .   (helmet currently unavailable)
rElec   .          Harm     .   (cloak currently unavailable)
rCorr   .          Rampage  .   (gloves currently unavailable)
Will    .....                   (boots currently unavailable)
Stlth   +.........              (no amulet)
HPRegen 0.18/turn               (no ring)
MPRegen 0.11/turn               (no ring)

@: ice-form
A: freezing attack, amphibious, boosted hp, (breathe frost), AC +5, large,
unfitting armour, (cold resistance 1), (cold-blooded), inexperienced 1
a: End Transformation, Renounce Religion


You were on level 5 of the Dungeon.
You worshipped Ru.
Ru was pleased with you.
You were a creature of crystalline ice.
You visited 2 branches of the dungeon, and saw 8 of its levels.

You collected 186 gold pieces.

Inventory:

Missiles
 o - 5 boomerangs
Jewellery
 b - a ring of flight
Wands
 h - a wand of polymorph (10)
Scrolls
 a - 2 scrolls of immolation {unknown}
 e - 5 scrolls of identify
 g - a scroll of summoning {unknown}
 i - a scroll of amnesia {unknown}
 m - a scroll of enchant weapon {unknown}
 n - a scroll of torment {unknown}
Potions
 c - 2 potions of resistance
 d - a potion of brilliance {unknown}
 f - a potion of berserk rage {unknown}
 j - a potion of invisibility {unknown}
 k - a potion of curing
 l - a potion of lignification {unknown}
 p - a potion of might {unknown}


   Skills:
 - Level 4.0 Fighting
 + Level 2.5 Dodging
 + Level 5.9 Unarmed Combat
 - Level 2.0 Spellcasting
 + Level 5.4 Transmutations
 + Level 2.2 Ice Magic


You couldn't memorise any spells.
You knew the following spells:

 Your Spells              Type           Power      Damage    Failure   Level
a - Beastly Appendage     Tmut           38%        N/A       2%          1
b - Wereblood             Tmut           19%        N/A       3%          2
c - Spider Form           Tmut/Pois      10%        N/A       21%         3
d - Ice Form              Ice/Tmut       13%        N/A       38%         4

Your spell library contained the following spells:

 Spells                   Type           Power      Damage    Failure   Level
 Magic Dart               Conj           4%         1d3       21%         1
 Summon Small Mammal      Summ           4%         N/A       21%         1
 Call Imp                 Summ           1%         N/A       30%         2
 Static Discharge         Conj/Air       1%         N/A       30%         2
 Call Canine Familiar     Summ           1%         N/A       52%         3
 Mephitic Cloud           Conj/Pois/Air  1%         N/A       52%         3
 Summon Guardian Golem    Hex/Summ       1%         N/A       52%         3
 Dispel Undead            Necr           1%         3d6       90%         4
 Sticky Flame             Conj/Fire      1%         2d3       90%         4


Dungeon Overview and Level Annotations

Branches:
Dungeon (7/15)             Temple (1/1) D:4

Altars:
Kikubaaqudgha
Okawaru
Ru
Trog
Uskayaw
The Shining One

Shops:
D:1 (   D:3 [


Innate Abilities, Weirdness & Mutations

You are a creature of crystalline ice.
You have a powerful freezing melee attack.
You are amphibious.
Your maximum health is increased.
Your armour is entirely melded.
You are incapable of wielding weapons or throwing items.
((You can breathe waves of freezing cold which knock back foes.))
((Your icy white scales are hard. (AC +5)))
You cannot fit into any form of body armour.
((Your flesh is cold resistant. (rC+)))
((You are cold-blooded and may be slowed by cold attacks.))
You are somewhat inexperienced. (-2 XL)


Message History

The water moccasin bites you but does no damage.
You closely miss the water moccasin.
The water moccasin is moderately wounded.
The water moccasin bites you!
* * * LOW HITPOINT WARNING * * *
It was a potion of curing.
You feel better.
The water moccasin bites you but does no damage.
The water moccasin closely misses you.
Okay, then.
Unknown command.
You punch the water moccasin! You freeze the water moccasin.
The water moccasin is almost dead.
The water moccasin barely misses you.
You barely miss the water moccasin.
The water moccasin is almost dead.
The water moccasin barely misses you.
You closely miss the water moccasin.
The water moccasin is almost dead.
The water moccasin closely misses you. The water moccasin bites you!
* * * LOW HITPOINT WARNING * * *
You hit the water moccasin. You freeze the water moccasin.
The water moccasin is almost dead.
The water moccasin bites you.
* * * LOW HITPOINT WARNING * * *
You hit the water moccasin but do no damage.
The water moccasin is almost dead.
The water moccasin bites you.
* * * LOW HITPOINT WARNING * * *
You barely miss the water moccasin.
The water moccasin is almost dead.
The water moccasin barely misses you.
You closely miss the water moccasin.
The water moccasin is almost dead.
The water moccasin misses you.
You barely miss the water moccasin.
The water moccasin is almost dead.
The water moccasin bites you.
* * * LOW HITPOINT WARNING * * *
The water moccasin bites you.
You die...

#..#.##..#.# #
#.##..#.#
#.#.....# (
#.###.....+ ..
#.######### ...
#.#.......# ....
#.........# .....
#..S......#......
#>..Y.....'......
##........#......
#............###
#............#
#............#
#............#
#............#
#........[...#
#####........#


You could see a water moccasin.

Vanquished Creatures
  4 ogres
  2 bullfrogs (D:7)
  A centaur skeleton (D:5)
  An orc priest (D:3)
  An iguana (D:5)
  Jessica (D:3)
  3 orc wizards
  A hound skeleton (D:5)
  6 gnolls
  An adder (D:3)
  A howler monkey skeleton (D:7)
  3 worms
  2 dart slugs
  10 orcs
  6 endoplasms
  4 giant cockroaches
  4 goblins
  6 hobgoblins
  7 jackals
  6 kobolds
  6 quokkas
  4 ball pythons
  3 bats
  A frilled lizard (D:3)
  9 rats
93 creatures vanquished.

Notes
Turn   | Place    | Note
-------+----------+-------------------------------------------
     0 | D:1      | MisterFreud the Draconian Transmuter began the quest for
                  | the Orb.
     0 | D:1      | Reached XP level 1. HP: 16/16 MP: 3/3
   197 | D:1      | Reached XP level 2. HP: 23/23 MP: 3/5
   782 | D:1      | Reached XP level 3. HP: 28/28 MP: 4/6
   916 | D:1      | Found Ofrotapp's Antique Weapon Shop.
  1490 | D:1      | Learned a level 2 spell: Wereblood
  1494 | D:1      | Learned a level 3 spell: Spider Form
  1869 | D:2      | Reached XP level 4. HP: 27/35 MP: 5/7
  2607 | D:3      | Reached skill level 5 in Transmutations
  2676 | D:3      | Noticed Jessica
  2683 | D:3      | Killed Jessica
  2684 | D:3      | Reached XP level 5. HP: 19/41 MP: 1/8
  3197 | D:3      | Found Enowut's Antique Armour Shop.
  3417 | D:3      | Found an iron altar of Okawaru.
  3461 | D:4      | Found a staircase to the Ecumenical Temple.
  3500 | Temple   | Entered the Ecumenical Temple
  3541 | Temple   | Became a worshipper of Ru the Awakened
  3587 | D:4      | Reached XP level 6. HP: 51/51 MP: 7/9
  3986 | D:4      | You fall into a shaft and drop 3 floors!
  4203 | D:7      | Noticed an ice beast
  4317 | D:7      | Found a hide-covered altar of Uskayaw.
  4510 | D:6      | Reached skill level 5 in Unarmed Combat
  4510 | D:6      | Your scales start taking on an icy white colour.
  4510 | D:6      | Reached XP level 7. HP: 59/59 MP: 7/10
  4510 | D:6      | Gained mutation: Your flesh is cold resistant. (rC+) [White
                  | Draconian growth]
  4515 | D:5      | Entered Level 5 of the Dungeon
  4569 | D:5      | Learned a level 4 spell: Ice Form
  4635 | D:5      | Reached skill level 1 in Ice Magic
  4721 | D:5      | Gained mutation: You are somewhat inexperienced. (-2 XL)
                  | [Ru sacrifice]
  4721 | D:5      | Reached XP level 6. HP: 30/52 MP: 9/9
  4721 | D:5      | Reached XP level 5. HP: 30/46 MP: 8/8
  4721 | D:5      | Reached * piety under Ru
  4721 | D:5      | Reached ** piety under Ru
  5001 | D:5      | HP: 1/55 [water moccasin (3)]
  5001 | D:5      | Slain by a water moccasin

Illustrated notes

Levels and vault maps discovered:
D:1:      eino_arrival_druids_welcome, layout_basic, serial_shops, shop,
          serial_forest, infiniplex_forest_end_3, infiniplex_forest_diagonal,
          infiniplex_forest_lined_room_3, infiniplex_forest_straight_2,
          infiniplex_forest_straight_5, infiniplex_forest_lined_4_way
D:2:      layout_rooms, minmay_misc_feat_more_columns
D:3:      layout_rooms, okawaru_altar_gauntlet_db, serial_shops, shop,
          uniq_jessica
D:4:      layout_basic, minmay_temple_entry_gardened_gates
D:5:      layout_basic, mainiacjoe_overflow_24_doors, kb_lookout_dungeons_type
D:6:      layout_rooms, minmay_manual_moon
D:7:      layout_loops_ring, mainiacjoe_overflow_alcove_4, hex_medium
Temple:   dpeg_five_rooms_temple

Skill      XL: |  1  2  3  4  5  6  7 |
---------------+----------------------+-----
Transmutations | 3 4 5 |  5.4
Fighting       | 2 3 4 |  4.0
Unarmed Combat | 4 5 |  5.9
Dodging        | 2 |  2.5
Ice Magic      | 2 |  2.2
Spellcasting   | |  2.0

Action                   |  1- 3 |  4- 6 |  7- 9 || total
-------------------------+-------+-------+-------++-------
Melee: Unarmed           |    84 |   199 |    13 ||   296
       Kick              |    19 |    11 |       ||    30
       Headbutt          |     9 |     3 |       ||    12
       Tailslap          |     7 |    14 |       ||    21
       Punch             |       |     3 |       ||     3
 Cast: Beastly Appendage |    20 |     9 |       ||    29
       Spider Form       |     2 |    13 |     3 ||    18
       Ice Form          |       |     1 |       ||     1
Invok: Sacrifice Experie |       |     1 |       ||     1
  Use: Scroll            |       |     1 |       ||     1
       Potion            |       |     1 |       ||     1
Armor: Skin              |    25 |    50 |       ||    75
Dodge: Dodged            |    45 |   160 |     6 ||   211
